Map: [ESL] NeoHumanity

Players

PiG - Winner!

  • Race: Terran Terran
  • League: Master
  • Spawn Location: 5:00

CoolGuy

  • Race: Terran Terran
  • League: Gold
  • Spawn Location: 11:00

VOD

https://www.youtube.com/playlist?list=PLOrKQEirgvjBrkg_LERyoNc_WYX2C2tgI

Description

Time

  • Played on: Aug. 15, 2023, 7:29 p.m.
  • Length: 15:28
Show
View Real Time Build Order
Export as new Build Order

PiG Terran - Winner!

Build Orders:  

Get SALT Encoding   

  12  0:01  SCV  
  13  0:13  SCV  
  14  0:17  Supply Depot  
  14  0:25  SCV  
  15  0:39  SCV  
  15  0:40  Barracks  
  16  0:43  Refinery  
  16  0:51  SCV  
  17  1:03  SCV  
  18  1:15  SCV  
  19  1:28  Orbital Command, Barracks Reactor  
  19  1:41  Command Center  
  19  1:51  Supply Depot  
  19  1:55  SCV  
  20  2:05  Marine x2  
  20  2:07  SCV  
  23  2:20  Factory  
  23  2:21  SCV  
  24  2:23  Refinery  
  23  2:32  Marine x2  
  25  2:37  SCV  
  26  2:47  Bunker  
  26  2:49  SCV  
  26  2:50  Marine x2  
  29  3:02  SCV  
  30  3:12  Marine x2  
  28  3:22  SCV x2  
  28  3:25  Hellion  
  31  3:30  Marine x2  
  33  3:34  SCV  
  33  3:35  SCV  
  35  3:43  Starport  
  35  3:46  SCV  
  36  3:49  Orbital Command  
  35  4:09  SCV  
  36  4:12  Marine x2  
  36  4:14  Factory Tech Lab  
  38  4:19  Supply Depot  
  38  4:22  SCV  
  38  4:41  Supply Depot  
  38  4:43  SCV x2  
  40  4:48  Marine x2  
  42  4:55  Siege Tank, SCV  
  42  4:56  Viking, SCV  
  49  5:04  Supply Depot  
  49  5:07  SCV  
  49  5:13  Barracks  
  50  5:14  Barracks  
  50  5:15  Barracks  
  50  5:16  Barracks  
  50  5:20  SCV x2  
  52  5:26  Marine x2, Supply Depot  
  54  5:30  Siege Tank  
  54  5:31  Starport Reactor  
  54  5:32  SCV x2  
  59  5:44  SCV  
  59  5:48  Supply Depot  
  60  5:50  Supply Depot  
  60  5:51  SCV  
  60  5:52  Marine x2  
  60  5:56  SCV  
  64  6:02  Barracks Tech Lab x2, Siege Tank  
  64  6:03  Barracks Reactor, SCV  
  64  6:04  Barracks Reactor  
  68  6:08  Refinery, SCV  
  68  6:09  Refinery  
  68  6:11  Engineering Bay  
  69  6:15  SCV  
  70  6:23  SCV  
  69  6:27  SCV  
  69  6:28  Marine  
  69  6:29  Marine x2  
  69  6:30  Marauder  
  75  6:33  Medivac  
  75  6:35  Medivac, SCV  
  75  6:39  Supply Depot, SCV  
  81  6:42  Supply Depot  
  81  6:45  Stimpack, Combat Shield  
  81  6:46  Marine  
  82  6:47  Marauder, SCV  
  82  6:51  Marauder  
  82  6:53  Terran Infantry Weapons Level 1  
  87  7:03  Marine x5  
  87  7:04  Marine  
  93  7:08  Siege Tank  
  93  7:09  Marauder  
  93  7:13  Marauder, Supply Depot  
  93  7:14  Supply Depot  
  100  7:21  Marine x2  
  102  7:33  Marauder, Marine x4  
  102  7:34  Marauder  
  110  7:38  Marine, Supply Depot  
  110  7:39  Marine  
  110  7:41  Supply Depot  
  112  7:44  Siege Tank  
  112  7:46  Medivac  
  112  7:50  Medivac, Marine x3  
  122  7:54  Marauder  
  124  8:01  Supply Depot  
  124  8:04  Concussive Shells  
  124  8:06  Supply Depot  
  124  8:24  Supply Depot  
  115  8:45  SCV x2  
  117  8:55  Supply Depot  
  117  8:57  SCV x2, Supply Depot  
  117  9:00  Terran Infantry Armor Level 1  
  119  9:09  SCV  
  120  9:15  Marauder x2, Marine x6  
  120  9:16  Siege Tank  
  133  9:20  Viking  
  135  9:25  Viking  
  136  9:33  Marine x6  
  136  9:34  Engineering Bay  
  136  9:36  Marauder x2  
  146  9:51  Marine x6  
  152  9:57  Marine  
  152  9:58  Marauder  
  144  10:08  Marine x3  
  126  10:30  Marauder x2, Marine x6  
  126  10:32  Viking x2, Siege Tank  
  137  10:48  Marine x4  
  141  11:02  Viking  
  126  11:17  Marine x6, Marauder x2  
  126  11:18  Siege Tank  
  139  11:19  Viking  
  141  11:35  Marine x6  
  141  11:38  Marine x2  
  149  11:50  Siege Tank  
  149  11:53  Marine x4  
  156  12:01  Viking x2  
  159  12:26  Command Center  
  159  12:31  Viking x2  
  163  12:38  Siege Tank  
  166  12:47  Marine  
  145  13:01  Viking x2  
  149  13:26  Marauder x2, Marine x6  
  159  13:27  Siege Tank  
  159  13:31  Viking x2  
  166  13:44  Marine x6  
  166  13:47  Marine  
  173  13:59  Siege Tank  
Show
View Real Time Build Order
Export as new Build Order

CoolGuy Terran 

Build Orders:  

Get SALT Encoding   

  12  0:00  SCV  
  13  0:12  SCV  
  14  0:19  Supply Depot  
  14  0:27  SCV  
  15  0:40  SCV  
  16  0:43  Barracks  
  16  0:48  Refinery  
  16  0:54  SCV  
  17  1:03  Barracks  
  17  1:10  SCV  
  18  1:16  Refinery  
  18  1:25  Supply Depot  
  18  1:27  SCV  
  19  1:46  Reaper  
  20  1:48  Barracks  
  20  1:56  SCV  
  20  2:00  Reaper  
  22  2:08  SCV  
  23  2:18  Reaper  
  23  2:20  SCV  
  25  2:32  Reaper, SCV  
  25  2:33  Supply Depot  
  27  2:40  Reaper  
  27  2:51  Reaper  
  28  2:59  Orbital Command  
  28  3:04  Reaper  
  29  3:12  Reaper  
  27  3:24  Reaper  
  26  3:28  SCV  
  27  3:37  Reaper  
  27  3:40  SCV  
  29  3:44  Reaper  
  29  3:52  SCV  
  32  4:14  Command Center  
  29  4:27  SCV  
  29  4:31  Barracks Tech Lab  
  27  4:39  SCV  
  27  4:51  Stimpack, SCV  
  28  5:03  SCV  
  28  5:05  Factory  
  29  5:15  SCV  
  29  5:24  Marine  
  29  5:27  SCV  
  29  5:28  Barracks Reactor  
  31  5:30  Orbital Command, Barracks Reactor  
  31  5:32  Refinery  
  31  5:39  SCV  
  31  5:42  Marauder  
  34  5:52  Starport, SCV  
  34  5:53  Factory Reactor  
  34  5:54  Supply Depot  
  35  5:58  SCV  
  35  6:03  Marauder  
  35  6:04  SCV  
  39  6:10  SCV  
  40  6:14  Marine x4  
  40  6:16  SCV  
  45  6:22  SCV  
  45  6:24  Marine  
  47  6:28  SCV  
  47  6:32  Marine x4  
  52  6:34  SCV  
  52  6:37  Engineering Bay, Supply Depot  
  52  6:39  Factory Tech Lab  
  53  6:40  SCV  
  53  6:42  Marine  
  53  6:46  SCV  
  56  6:52  Medivac, SCV  
  59  6:56  Medivac  
  59  6:57  Marine  
  59  6:59  Marine x2, SCV  
  59  7:00  Marine  
  66  7:03  Supply Depot  
  66  7:04  SCV  
  66  7:05  Terran Infantry Weapons Level 1  
  66  7:07  Marine  
  68  7:11  SCV  
  68  7:15  Marine  
  70  7:17  Refinery  
  70  7:24  Siege Tank, SCV x2  
  70  7:25  Marauder  
  77  7:37  SCV  
  78  7:39  Supply Depot  
  78  7:43  Supply Depot  
  78  8:00  Barracks, Marine x4, Marauder, SCV x2  
  78  8:04  Combat Shield  
  86  8:06  Supply Depot  
  86  8:12  SCV x2  
  88  8:14  Supply Depot  
  88  8:24  SCV x2  
  83  8:36  SCV x2  
  77  8:41  Supply Depot  
  77  8:42  Siege Tank  
  77  8:43  Medivac x2  
  77  8:44  Marine x3  
  77  8:45  Marine x2  
  88  8:49  SCV x2  
  88  8:50  Barracks Reactor  
  88  8:51  Supply Depot  
  90  9:01  SCV  
  90  9:02  Marine x4  
  92  9:03  Marauder  
  92  9:04  Bunker  
  92  9:09  Supply Depot x2  
  97  9:10  Supply Depot  
  97  9:13  Liberator x2  
  97  9:14  Siege Tank  
  106  9:23  SCV x2  
  108  9:25  Marauder  
  108  9:26  Marine x2  
  112  9:35  SCV  
  112  9:36  SCV  
  114  9:42  Command Center  
  114  9:46  Marauder, Siege Tank  
  119  9:56  Viking x2  
  98  10:18  Siege Tank  
  101  10:26  Viking  
  101  10:30  SCV  
  102  10:42  Marine, SCV x2  
  101  10:43  Marine x2  
  101  10:45  Supply Depot  
  104  10:54  SCV  
  105  11:00  Marine x2  
  105  11:01  Marauder  
  97  11:14  SCV x2  
  97  11:17  Siege Tank  
  102  11:18  Marine x2  
  102  11:19  Medivac  
  102  11:22  Marine  
  107  11:25  Barracks  
  107  11:31  Barracks  
  105  11:34  Liberator  
  105  11:36  Marine x2  
  110  11:40  Marauder  
  111  11:49  Liberator, Siege Tank  
  111  11:51  SCV  
  111  11:54  Marine x2  
  118  11:59  SCV  
  118  12:00  Starport  
  121  12:02  Marauder  
  123  12:12  Marine x2  
  125  12:17  Medivac  
  125  12:21  Siege Tank  
  130  12:23  Marauder  
  132  12:32  Medivac  
  134  12:47  Liberator  
  134  12:54  Siege Tank  
  134  12:58  Marine x3  
  113  13:09  SCV x2  
  115  13:35  Marine  
  105  13:59  Command Center  
  99  14:12  Marine  
  99  14:13  Liberator x2, Marine x2, Marauder  
  105  14:19  SCV x2  
  106  14:30  Marine x3  
  106  14:31  SCV  
  104  14:34  Marine  
  99  14:41  SCV  
  99  14:42  Concussive Shells  
  99  14:43  SCV  
  99  14:48  Marine x3  
  99  14:52  Marine  
  103  14:53  Starport Reactor  
  103  14:56  Barracks  
  103  14:57  SCV  
  79  15:06  Marine x3  
Tags
 
Add a new tag
Caveats
  • Supply blocks, unpowered buildings, or Contaminate may cause inaccurate times.
  • Supply counts are checked every 10 seconds.